 Dungeon Crawl Stone Soup version 0.29-a0-334-gb41bcbb86e (webtiles) character file.

Game seed: 5681011394899679478

70791 spaghetti the Scribe (level 14, -2/98 HPs)
             Began as a Demonspawn Venom Mage on Apr 14, 2022.
             Was a Priest of Sif Muna.
             Slain by an Executioner (20 damage)
             ... on level 3 of the Abyss.
             The game lasted 01:25:02 (36326 turns).

spaghetti the Scribe (Demonspawn Venom Mage)       Turns: 36326, Time: 01:25:02

Health: -2/98      AC: 14    Str: 11    XL:     14   Next: 95%
Magic:  24/26      EV: 17    Int: 28    God:    Sif Muna [***...]
Gold:   1027       SH:  5    Dex: 16    Spells: 3/30 levels left

rFire   . . .      SeeInvis +   l - staff of poison {!astaff}
rCold   . . .      Faith    .   (no shield)
rNeg    . . .      Spirit   .   S - +0 acid dragon scales
rPois   +          Reflect  +   (no helmet)
rElec   .          Harm     .   (no cloak)
rCorr   +          Rampage  .   o - +0 pair of gloves of Puqoxo {Drain Int+4 Dex+3 Stlth-}
Will    +....                   T - +0 pair of boots
Stlth   +.........              M - amulet of reflection
HPRegen 0.26/turn               X - ring "Qoiwoo" {Slay+2 SInv}
MPRegen 0.20/turn               K - ring of the Protecting Genius {Wiz rPois Str+2}

@: unable to read
A: slimy green scales 2, demonic guardian 2, demonic touch 2, clever 1, wild
magic 1, inability to read while threatened, noise suppression
a: Renounce Religion, Channel Magic, Forget Spell


You were on level 3 of the Abyss.
You worshipped Sif Muna.
Sif Muna was most pleased with you.
You visited 3 branches of the dungeon, and saw 22 of its levels.
You visited the Abyss 1 time.

You collected 1785 gold pieces.
You spent 758 gold pieces at shops.


Innate Abilities, Weirdness & Mutations

You are mostly covered in slimy green scales. (AC +3)
A demonic guardian rushes to your aid.
Your touch may inflict irresistible damage on your foes.
Your mind is acute. (Int +2)
Your spells are a little harder to cast, but a little more powerful.
You sometimes lose the ability to read scrolls when taking damage.
You passively dampen the noise of your surroundings.


   Skills:
 - Level 5.3 Fighting
 - Level 10.5 Armour
 - Level 10.7 Dodging
 - Level 1.7 Stealth
 + Level 8.8 Spellcasting
 - Level 3.0 Conjurations
 + Level 7.6 Necromancy
 + Level 8.0 Transmutations
 - Level 3.0 Fire Magic
 - Level 6.0 Poison Magic
 - Level 17.6 Invocations


You had 3 spell levels left.
You knew the following spells:

 Your Spells              Type           Power      Damage    Failure   Level
a - Sting                 Tmut/Pois      100%       1d8       1%          1
b - Poisonous Vapours     Pois/Air       100%       N/A       1%          2
c - Olgreb's Toxic Radia  Pois           74%        N/A       3%          4
d - Mephitic Cloud        Conj/Pois/Air  54%        N/A       3%          3
e - Dispel Undead         Necr           64%        3d22      1%          4
f - Ignite Poison         Fire/Tmut/Pois 72%        N/A       1%          3
g - Eringya's Noxious Bo  Tmut/Pois      39%        N/A       28%         6
h - Animate Dead          Necr           32%        N/A       1%          4

Your spell library contained the following spells:

 Spells                   Type           Power      Damage    Failure   Level
 Animate Skeleton         Necr           100%       N/A       1%          1
 Pain                     Necr           100%       1d9       1%          1
 Corpse Rot               Necr/Air       86%        N/A       1%          2
 Sublimation of Blood     Necr           64%        N/A       1%          2
 Spider Form              Tmut/Pois      79%        N/A       1%          3
 Vampiric Draining        Necr           64%        2d10      1%          3
 Static Discharge         Conj/Air       27%        N/A       3%          2
 Conjure Flame            Conj/Fire      37%        6-21      3%          3
 Apportation              Tloc           32%        N/A       4%          1
 Slow                     Hex            64%        N/A       4%          1
 Summon Small Mammal      Summ           64%        N/A       4%          1
 Ensorcelled Hibernation  Hex/Ice        32%        N/A       6%          2
 Dazzling Flash           Conj/Hex       54%        N/A       6%          3
 Confusing Touch          Hex            16%        N/A       11%         3
 Tukima's Dance           Hex            16%        N/A       11%         3
 Agony                    Necr           64%        N/A       4%          5
 Anguish                  Hex/Necr       21%        N/A       8%          4
 Sticky Flame             Conj/Fire      37%        2d6       11%         4
 Yara's Violent Unravell  Hex/Tmut       22%        3d10      19%         5
 Death Channel            Necr           32%        N/A       21%         6
 Airstrike                Air            8%         N/A       32%         4
 Leda's Liquefaction      Hex/Erth       8%         N/A       32%         4
 Passage of Golubria      Tloc           16%        N/A       32%         4
 Summon Lightning Spire   Summ/Air       16%        N/A       32%         4
 Lightning Bolt           Conj/Air       13%        1d27      41%         5
 Lee's Rapid Deconstruct  Erth           8%         3d8*      61%         5
 Silence                  Hex/Air        8%         N/A       61%         5
 Summon Forest            Summ/Tloc      8%         N/A       61%         5
 Statue Form              Tmut/Erth      30%        N/A       63%         6
 Iron Shot                Conj/Erth      13%        9d3       91%         6
 Storm Form               Tmut/Air       22%        N/A       99%         7
 Summon Hydra             Summ           8%         N/A       100%        7
 Lehudib's Crystal Spear  Conj/Erth      13%        10d5      100%        8
 Maxwell's Capacitive Co  Air            8%         ∞         100%        8
 Chain Lightning          Conj/Air       13%        3d18      100%        9

Inventory:

Hand Weapons
 n - the +9 hand crossbow of Conscience {freeze, Will+ Int+7, crossbow}
   (You took it off a death knight on level 14 of the Dungeon)

   Any ammunition fired from it freezes those it strikes, dealing additional
   cold damage.
   It can also slow down cold-blooded creatures.
   Int:       It affects your intelligence (+7).
   Will:      It increases your willpower.
 Y - a +4 scimitar of flaming {long}
   (You took it off an efreet on level 14 of the Dungeon)
Missiles
 c - 476 stones (quivered) {throwing}
 h - a throwing net {=f!fthrowing}
 q - 6 javelins {throwing}
 u - 38 poisoned darts {throwing}
 F - 12 boomerangs {throwing}
 V - 9 curare-tipped darts {=fthrowing}
Armour
 j - the +0 helmet of Ullig {Fly rElec Stlth+}
   (You acquired it on level 10 of the Dungeon)

   rElec:     It insulates you from electricity.
   Fly:       It grants you flight.
   Stlth:     It makes you more stealthy.
 o - the +0 pair of gloves of Puqoxo (worn) {Drain Int+4 Dex+3 Stlth-}
   (You bought it in a shop on level 14 of the Dungeon)

   Int:       It affects your intelligence (+4).
   Dex:       It affects your dexterity (+3).
   Drain:     It drains your maximum health when unequipped.
   Stlth:     It makes you less stealthy.
 D - a +0 helmet
   (You found it on level 14 of the Dungeon)
 S - +0 acid dragon scales (worn)
   (You found it on level 11 of the Dungeon)
 T - a +0 pair of boots (worn)
   (You found it on level 2 of the Lair of Beasts)
Magical Staves
 l - a staff of poison (weapon) {!astaff}
   (You acquired it on level 4 of the Dungeon)
Jewellery
 a - a ring of resist corrosion
   (You found it on level 7 of the Dungeon)
 d - a ring of poison resistance
   (You found it on level 3 of the Dungeon)
 K - the ring of the Protecting Genius (right hand) {Wiz rPois Str+2}
   (You bought it in a shop on level 7 of the Dungeon)

   [ring of wizardry]

   It improves your spell success rate.
   Str:       It affects your strength (+2).
   rPois:     It protects you from poison.
 M - an amulet of reflection (around neck)
   (You took it off an orc warrior on level 11 of the Dungeon)
 U - a ring of protection from fire
   (You found it on level 2 of the Lair of Beasts)
 X - the ring "Qoiwoo" (left hand) {Slay+2 SInv}
   (You found it on level 4 of the Lair of Beasts)

   [ring of see invisible]

   Slay:      It affects your accuracy & damage with ranged weapons and melee
   (+2).
   SInv:      It lets you see invisible.
Wands
 b - a wand of paralysis (13)
   (You found it on level 1 of the Lair of Beasts)
 k - a wand of polymorph (4)
   (You found it on level 2 of the Lair of Beasts)
 m - a wand of flame (1)
   (You took it off Ijyb on level 5 of the Dungeon)
 y - a wand of digging (7)
   (You found it on level 8 of the Dungeon)
 z - a wand of iceblast (16)
   (You found it on level 5 of the Dungeon)
Scrolls
 s - a scroll of fog
 t - 3 scrolls of amnesia
 v - 3 scrolls of enchant armour
 w - 3 scrolls of enchant weapon
 A - 3 scrolls of silence {!r}
 C - 2 scrolls of vulnerability {!r!r}
 E - 3 scrolls of holy word {!r}
 G - 5 scrolls of magic mapping {!r}
 N - 3 scrolls of immolation {!r!r}
 P - 2 scrolls of brand weapon
 Q - 2 scrolls of identify {@r1}
Potions
 e - a potion of cancellation
 g - a potion of berserk rage {!q}
 i - a potion of haste {@q3}
 r - a potion of magic
 B - 8 potions of curing {@q1}
 H - 3 potions of ambrosia
 I - a potion of brilliance
 L - 2 potions of attraction {!q}
 O - a potion of invisibility
 W - a potion of lignification {!q}
Miscellaneous
 J - a phantom mirror
   (You found it on level 9 of the Dungeon)

Dungeon Overview and Level Annotations

Branches:
Dungeon (15/15)            Temple (1/1) D:4            Lair (6/6) D:9
  Swamp (0/4) Lair:3        Snake (0/4) Lair:2        Slime (0/5) Lair:6
    Orc (0/2) D:12         Vaults (0/5) D:13
 Depths: D:15

Altars:
Ashenzari
Cheibriados
Dithmenos
Elyvilon
Fedhas
Gozag
Hepliaklqana
Kikubaaqudgha
Makhleb
Nemelex Xobeh
Okawaru
Qazlal
Ru
Sif Muna
Trog
Uskayaw
Vehumet
Wu Jian
Xom
Yredelemnul
Zin
The Shining One
Jiyva

Shops:
D:7 =   D:12 (   D:14 [!*

Annotations:
D:15 Jorgrun
Lair:4 exclusion: hydra, Antichthon's ghost, journeyman NaWr
Lair:5 1 runed translucent door, Pinouros's ghost, journeyman DECj

#.X ##.. # .# ##
##......... . [≈?
##....... . #.# #. ....
... ##3## #.##X..L..#
.8. #..##..##..# #3#
#.. ... ....
##X####......X...X
#@v.# ...# . ##..#
#v1vL#...#...##..
#####bvX#vSF.... .. .
.......X..v.......... 5
..##..##...#..##..##..#
#.. #..## .##.. 5v#
.._...5........... ..
.>.......... . .....
..##..##..##.. ...##..


You could see a lich (fast), 2 spatial maelstroms, an Executioner (fast), 4
spatial vortices, a thrashing horror (ally target), 2 large abominations, a
guardian serpent, a blink frog, a neqoxec, a fire bat, an iron imp and a
friendly smoke demon (summoned).


Message History

The Executioner gives a hideous shriek!
The Executioner gestures.
The Executioner seems to speed up. 😕 MP[+1]
A spatial vortex comes into view.
The fire bat barely misses you.
A spatial vortex comes into view.
A spatial vortex comes into view. 😕 HP[+1]
Found a corrupted altar of Lugonu.
Found a gateway leading deeper into the Abyss.
The fire bat bites you but does no damage.
A spatial vortex comes into view.
There is an open door here.
A thrashing horror and a neqoxec come into view.
The neqoxec shouts!
The Executioner barely misses you. The Executioner closely misses you.
The Executioner misses you.
The spatial vortex completely misses you.
The spatial maelstrom closely misses you.
The spatial maelstrom hits you but does no damage.
The Executioner hits you!!
You feel threatened and lose the ability to read scrolls!
You block the Executioner's attack. The Executioner completely misses you.
A spatial vortex comes into view. 😮 HP[-22]
You take 22 damage, and now have 56/98 hp.
MASSIVE DAMAGE!! (PAUSE) Unknown command.
Unknown command.
You cannot read scrolls in your current state!
Unknown command.
You fade into invisibility!
The Executioner hits you. The Executioner barely misses you.
The Executioner hits you.
The Executioner hits you but does no damage.
The Executioner closely misses you.
The Executioner hits you but does no damage.
A spatial vortex comes into view. 😮 HP[-5]
You take 5 damage, and now have 51/98 hp.
Unknown command.
Unknown command.
Unknown command.
Okay, then.
Okay, then.
Press: ? - help, v - describe, . - travel
Here: a thrashing horror (can't see you)
The floor.
Aiming: Phantom Mirror
Press: ? - help, Dir - move target, f - thrashing horror
Aim: a thrashing horror (can't see you)
Okay, then.
You cannot read scrolls in your current state!
Unknown command.
It was a potion of resistance.
You feel protected. The Executioner closely misses you.
The Executioner hits you but does no damage.
You block the Executioner's attack. The thrashing horror tramples you.
* * * LOW HITPOINT WARNING * * *
You hold your ground!
The thrashing horror tramples you.
* * * LOW HITPOINT WARNING * * *
You hold your ground!
The Executioner hits you!!
* * * LOW HITPOINT WARNING * * *
The Executioner hits you.
* * * LOW HITPOINT WARNING * * *
The Executioner hits you!
* * * LOW HITPOINT WARNING * * *
You block the spatial maelstrom's attack.
The spatial maelstrom hits you but does no damage.
The spatial vortex misses you.
The guardian serpent casts a spell at you.
The bolt of poison hits the lich.
The lich completely resists.
The bolt of poison hits the spatial vortex.
The spatial vortex completely resists.
The bolt of poison hits the spatial vortex.
The spatial vortex completely resists.
The bolt of poison hits the spatial vortex.
The spatial vortex completely resists.
The bolt of poison hits you. You resist.
* * * LOW HITPOINT WARNING * * *
A demonic guardian appears!
The thrashing horror tramples your smoke demon!
Your smoke demon holds its ground!
The thrashing horror tramples your smoke demon!
Your smoke demon holds its ground! 😱 HP[-34] MP[+1]
You take 34 damage, and now have 17/98 hp.
MASSIVE DAMAGE!! (PAUSE) Unknown command.
It was a potion of cancellation.
Your magical effects are unravelling.
You feel magically purged.
You feel yourself slow down.
You flicker back into view.
Your resistance to elements expires.
The Executioner completely misses you. The Executioner closely misses you. x2
A blink frog comes into view.
The thrashing horror barely misses you. x2; The Executioner hits you!!
You die...

Skill      XL: |  1  2  3  4  5  6  7  8  9 10 11 12 13 14 |
---------------+-------------------------------------------+-----
Poison Magic   | 4 5 6 |  6.0
Spellcasting   | 3 4 5 7 8 |  8.8
Invocations    | 4 6 8 11 13 14 15 17 | 17.6
Fighting       | 5 |  5.3
Necromancy     | 6 7 |  7.6
Dodging        | 4 6 7 8 10 | 10.7
Armour         | 3 5 7 8 9 10 | 10.5
Conjurations   | 3 |  3.0
Fire Magic     | 3 |  3.0
Transmutations | 2 6 8 |  8.0
Stealth        | |  1.7

Action                   |  1- 3 |  4- 6 |  7- 9 | 10-12 | 13-15 || total
-------------------------+-------+-------+-------+-------+-------++-------
Melee: Dagger            |    61 |     6 |       |       |       ||    67
       Punch             |     1 |     1 |     1 |     1 |     1 ||     5
       Staff             |       |    54 |    54 |    56 |    55 ||   219
       Short sword       |       |    24 |       |       |       ||    24
       Touch             |       |     9 |    10 |    10 |     8 ||    37
Throw: Stone             |       |       |    12 |     5 |     6 ||    23
       Javelin           |       |       |     1 |     4 |       ||     5
       Dart              |       |       |       |     4 |     4 ||     8
 Cast: Sting             |    86 |    12 |    79 |   184 |   238 ||   599
       Poisonous Vapours |    11 |    61 |    34 |    53 |   105 ||   264
       Olgreb's Toxic Ra |       |    14 |    49 |    68 |    98 ||   229
       Mephitic Cloud    |       |     2 |       |     1 |       ||     3
       Dispel Undead     |       |       |    11 |     5 |    18 ||    34
       Ignite Poison     |       |       |       |    61 |   127 ||   188
       Maxwell's Capacit |       |       |       |       |     1 ||     1
       Chain Lightning   |       |       |       |       |     1 ||     1
       Eringya's Noxious |       |       |       |       |     1 ||     1
Invok: Channel Magic     |       |       |     1 |     2 |     5 ||     8
       Divine Exegesis   |       |       |       |       |     2 ||     2
Evoke: Wand              |       |       |     5 |     3 |     8 ||    16
       Phantom mirror    |       |       |       |     1 |     1 ||     2
  Use: Potion            |     3 |    11 |     2 |     2 |    15 ||    33
       Scroll            |       |     6 |     7 |    14 |    12 ||    39
 Stab: Distracted        |       |       |       |     1 |       ||     1
       Invisible         |       |       |       |     1 |       ||     1
Armor: Robe              |    29 |    19 |     7 |       |       ||    55
       Skin              |       |     3 |       |       |       ||     3
       Steam dragon scal |       |       |    17 |    81 |    88 ||   186
       Acid dragon scale |       |       |       |       |   124 ||   124
Dodge: Dodged            |    90 |    72 |    86 |   211 |   440 ||   899
Block: Other             |       |       |       |       |    35 ||    35
       Reflection        |       |       |       |       |     1 ||     1

Levels and vault maps discovered:
D:1:      scummos_arrival_hexagon, layout_loops_ring, minmay_tetromino_i2
D:2:      layout_loops_ring
D:3:      layout_basic
D:4:      layout_loops_ring, minmay_temple_entry_sparse_star, bh_walls_and_bars
D:5:      layout_basic, mainiacjoe_overflow_alcove_1, uniq_ijyb
D:6:      layout_loops_ring, kennysheep_pointless_box
D:7:      layout_loops_ring, enter_bailey_5, serial_shops,
          kennysheep_little_box, minmay_tree_intersection
D:8:      statuecave_lemuel, layout_gridville, ebering_ghost_gozag,
          feat_on_display
D:9:      layout_stronghold, david_lair_generic
D:10:     layout_grid_maze, grunt_temple_overflow_diamond, uniq_psyche
D:11:     layout_basic, minivault_1
D:12:     nicolae_cairo_tiling, layout_rooms, orc_0_dummy, serial_shops,
          kennysheep_mini_moat
D:13:     layout_basic, skrybe_vaults_entry_preservation
D:14:     layout_loops_ring, serial_shops, nicolae_shop_hallway_stairs,
          nicolae_stop_n_shop_1, shop, fountainhead
D:15:     hangedman_depths_entry_civil_slaughter, layout_long_grid,
          serial_park_tiny_pond, gauntlet_entry_generic, uniq_jorgrun
Temple:   compressed_dpeg_circular_temple
Lair:1:   layout_chaotic_city, kennysheep_abandoned_house
Lair:2:   layout_small_grid, minmay_snake_entry_six_corridors,
          serial_bayou_shore_a
Lair:3:   layout_regular_city, minmay_swamp_entry_reptiles,
          chequers_serial_rivers_small_b, columned_hall_lemuel
Lair:4:   wander_river, layout_gridlike, ebering_ghost_xom, lemuel_fruit_fields,
          uniq_snorg
Lair:5:   layout_gridlike, ebering_ghost_xom, grunt_megastairs_5,
          serial_bayou_shore_b
Lair:6:   minmay_lair_end_enchanted_forest, layout_cave_pods, slime_altar_1,
          kennysheep_basilisk_garden, grunt_megastairs_4
Abyss:3:  base: D:6, dshaligram_kb_abyss_rune_zappy_water_cross,
          hangedman_cross_veins

Notes
Turn   | Place    | Note
-------+----------+-------------------------------------------
     0 | D:1      | spaghetti the Demonspawn Venom Mage began the quest for the
                  | Orb.
     0 | D:1      | Reached XP level 1. HP: 13/13 MP: 3/3
     0 | D:1      | magus.rc [v1.9.6]
   508 | D:1      | Gained mutation: You are partially covered in slimy green
                  | scales. (AC +2) [demonic ancestry]
   508 | D:1      | Reached XP level 2. HP: 19/19 MP: 1/5
   851 | D:1      | Reached skill level 4 in Poison Magic
   898 | D:1      | Learned a level 2 spell: Poisonous Vapours
  1295 | D:2      | Reached XP level 3. HP: 24/24 MP: 3/6
  1800 | D:2      | You pick up a book of Decay and begin reading...
  1800 | D:2      | You add the spells Corpse Rot, Dispel Undead and Death
                  | Channel to your library.
  2703 | D:3      | Gained mutation: A weak demonic guardian rushes to your
                  | aid. [demonic ancestry]
  2703 | D:3      | Reached XP level 4. HP: 23/30 MP: 0/7
  2976 | D:3      | HP: 6/30 [orc priest/divine providence (12)]
  3002 | D:3      | HP: 7/30 [orc priest/divine providence (7)]
  3004 | D:3      | Reached skill level 5 in Poison Magic
  3014 | D:3      | Reached skill level 3 in Spellcasting
  3238 | D:3      | Learned a level 4 spell: Olgreb's Toxic Radiance
  3631 | D:3      | Reached XP level 5. HP: 35/35 MP: 2/9
  3700 | D:3      | Reached skill level 1 in Invocations
  4418 | D:4      | Reached skill level 2 in Invocations
  4686 | D:4      | Reached skill level 3 in Invocations
  4763 | D:4      | You pick up a book of Dreams and begin reading...
  4763 | D:4      | You add the spells Ensorcelled Hibernation, Spider Form and
                  | Anguish to your library.
  4804 | D:4      | Noticed a phantom
  4814 | D:4      | Identified a scroll of acquirement
  4815 | D:4      | Acquired a staff of poison
  4831 | D:4      | HP: 7/35 [phantom (7)]
  4848 | D:4      | Killed a phantom
  4849 | D:4      | Reached skill level 4 in Invocations
  4849 | D:4      | Gained mutation: Your touch may inflict minor irresistible
                  | damage on your foes. [demonic ancestry]
  4849 | D:4      | Reached XP level 6. HP: 24/41 MP: 7/10
  5085 | D:4      | Found a staircase to the Ecumenical Temple.
  5094 | Temple   | Entered the Ecumenical Temple
  5215 | Temple   | Became a worshipper of Sif Muna the Loreminder
  5351 | D:4      | Reached skill level 5 in Invocations
  5949 | D:5      | Entered Level 5 of the Dungeon
  5950 | D:5      | Noticed a water moccasin
  6084 | D:4      | Learned a level 3 spell: Mephitic Cloud
  6146 | D:5      | Gained mutation: You tend to lose your temper in combat.
                  | [potion of mutation]
  6146 | D:5      | Gained mutation: You are somewhat resistant to further
                  | mutation. [potion of mutation]
  6176 | D:5      | Noticed Ijyb
  6183 | D:5      | Killed Ijyb
  6375 | D:6      | HP: 8/41 [kobold brigand/+0 short sword (7)]
  6381 | D:6      | Reached skill level 4 in Spellcasting
  6381 | D:6      | Reached skill level 6 in Invocations
  6381 | D:6      | Reached XP level 7. HP: 16/46 MP: 1/13
  6710 | D:5      | HP: 7/37 [necrophage (3)]
  6713 | D:5      | HP: 2/36 [necrophage (2)]
  6723 | D:5      | Reached skill level 1 in Fighting
  7055 | D:5      | Reached skill level 2 in Fighting
  7121 | D:5      | Reached skill level 3 in Fighting
  7195 | D:5      | Reached * piety under Sif Muna
  7321 | D:5      | Found a snail-covered altar of Cheibriados.
  7537 | D:5      | Reached skill level 4 in Fighting
  7626 | D:5      | Reached skill level 5 in Fighting
  7626 | D:5      | Reached XP level 8. HP: 41/62 MP: 5/14
  7906 | D:6      | Learned a level 4 spell: Dispel Undead
  7991 | D:6      | Reached skill level 2 in Necromancy
  8163 | D:6      | Reached skill level 3 in Necromancy
  8641 | D:6      | Reached skill level 4 in Necromancy
  8764 | D:6      | Reached skill level 5 in Necromancy
  8786 | D:6      | Reached skill level 6 in Necromancy
  9232 | D:7      | Reached skill level 7 in Invocations
  9373 | D:7      | Reached skill level 8 in Invocations
  9493 | D:7      | Reached XP level 9. HP: 68/68 MP: 5/15
  9638 | D:7      | Reached skill level 9 in Invocations
  9720 | D:7      | Found a flagged portal.
 10000 | D:7      | Reached skill level 10 in Invocations
 10359 | D:7      | Found Teyf's Jewellery Shoppe.
 10656 | D:8      | Reached skill level 2 in Dodging
 10847 | D:8      | Reached skill level 2 in Armour
 10847 | D:8      | Reached skill level 3 in Dodging
 10849 | D:8      | Reached skill level 11 in Invocations
 10925 | D:8      | Found a runed translucent gate.
 10926 | D:8      | Found a runed translucent gate.
 10927 | D:8      | Found an opulent altar of Gozag.
 11051 | D:8      | Found a runed translucent gate.
 11054 | D:8      | Noticed a two-headed ogre
 11056 | D:8      | Noticed LobsterGuardian's ghost (novice DsIE)
 11056 | D:8      | Noticed a boulder beetle
 11483 | D:8      | Reached ** piety under Sif Muna
 11484 | D:8      | Reached skill level 3 in Armour
 11952 | D:9      | Reached skill level 4 in Dodging
 11952 | D:9      | Gained mutation: You are mostly covered in slimy green
                  | scales. (AC +3) [demonic ancestry]
 11952 | D:9      | Reached XP level 10. HP: 55/74 MP: 10/18
 12092 | D:9      | Found a staircase to the Lair.
 12092 | D:9      | Noticed an elephant
 12105 | D:9      | Reached skill level 4 in Armour
 12109 | D:9      | Reached skill level 12 in Invocations
 12112 | D:9      | Killed an elephant
 12325 | D:9      | Reached skill level 5 in Dodging
 12548 | D:9      | Reached skill level 5 in Armour
 12640 | D:9      | Noticed a two-headed ogre
 12668 | D:9      | Killed a two-headed ogre
 12669 | D:9      | Reached skill level 6 in Dodging
 12669 | D:9      | Reached skill level 13 in Invocations
 12841 | D:9      | You add the spells Conjure Flame, Ignite Poison and Sticky
                  | Flame to your library.
 12882 | D:9      | Learned a level 3 spell: Ignite Poison
 13437 | D:10     | Entered Level 10 of the Dungeon
 13461 | D:10     | Acquired the +0 helmet of Ullig {Fly rElec Stlth+}
 13707 | D:5      | You pick up a book of Cantrips and begin reading...
 13707 | D:5      | You add the spells Animate Skeleton, Summon Small Mammal
                  | and Apportation to your library.
 14149 | D:8      | Reached XP level 11. HP: 75/80 MP: 18/20
 14149 | D:8      | Killed a boulder beetle
 14150 | D:8      | Reached skill level 1 in Conjurations
 14150 | D:8      | Reached skill level 1 in Fire Magic
 14155 | D:8      | HP: 17/80 [two-headed ogre/+0 giant club (24)]
 14156 | D:8      | Killed a two-headed ogre
 14442 | D:8      | Killed LobsterGuardian's ghost
 14443 | D:8      | Reached skill level 6 in Armour
 14443 | D:8      | Reached skill level 2 in Conjurations
 14443 | D:8      | Reached skill level 2 in Fire Magic
 14581 | Lair:1   | Entered Level 1 of the Lair of Beasts
 15260 | Lair:1   | You pick up a book of Touch and begin reading...
 15594 | Lair:1   | Reached *** piety under Sif Muna
 16057 | Lair:2   | Reached skill level 3 in Conjurations
 16159 | Lair:2   | You add the spells Summon Forest, Eringya's Noxious Bog and
                  | Summon Hydra to your library.
 16187 | Lair:2   | HP: 17/80 [black mamba (13)]
 16191 | Lair:2   | Reached skill level 3 in Fire Magic
 16195 | Lair:2   | HP: 23/120 [water moccasin (5)]
 16196 | Lair:2   | Reached skill level 7 in Dodging
 16200 | Lair:2   | Reached skill level 14 in Invocations
 16473 | Lair:2   | Found a staircase to the Snake Pit.
 16530 | Lair:2   | Reached skill level 7 in Armour
 16856 | Lair:2   | Reached skill level 1 in Transmutations
 16865 | Lair:2   | Reached skill level 2 in Transmutations
 17003 | D:7      | Bought the ring of the Protecting Genius {Wiz rPois Str+2}
                  | for 454 gold pieces
 17450 | Lair:3   | Noticed a five-headed hydra
 17453 | Lair:3   | Found a staircase to the Swamp.
 17502 | Lair:2   | Gained mutation: Your touch may inflict irresistible damage
                  | on your foes. [demonic ancestry]
 17502 | Lair:2   | Reached XP level 12. HP: 86/86 MP: 11/22
 17987 | Lair:2   | Reached **** piety under Sif Muna
 17988 | Lair:2   | Reached skill level 3 in Transmutations
 17988 | Lair:2   | Reached skill level 6 in Poison Magic
 18819 | Lair:3   | Killed a five-headed hydra
 19533 | Lair:4   | Reached skill level 4 in Transmutations
 19718 | Lair:4   | Found a runed translucent door.
 19720 | Lair:4   | Found a shimmering altar of Xom.
 19720 | Lair:4   | Noticed Antichthon's ghost (journeyman NaWr)
 19721 | Lair:4   | Identified the +11 demon whip of Tenacity {chaos, rElec rN+
                  | Will+}
 19783 | Lair:4   | Identified the ring "Qoiwoo" {Slay+2 SInv}
 19825 | Lair:4   | You pick up a book of the Sky and begin reading...
 19825 | Lair:4   | You add the spells Summon Lightning Spire, Storm Form and
                  | Maxwell's Capacitive Coupling to your library.
 19948 | Lair:4   | Noticed a four-headed hydra
 20038 | Lair:4   | Reached skill level 8 in Dodging
 20038 | Lair:4   | Reached skill level 5 in Spellcasting
 20038 | Lair:4   | Reached skill level 15 in Invocations
 20101 | Lair:4   | Reached skill level 5 in Transmutations
 20216 | Lair:4   | Killed a four-headed hydra
 20379 | Lair:4   | You pick up a book of the Earth and begin reading...
 20379 | Lair:4   | You add the spells Leda's Liquefaction, Lee's Rapid
                  | Deconstruction and Statue Form to your library.
 20607 | Lair:4   | Noticed Snorg
 20613 | Lair:4   | Noticed a five-headed hydra
 20619 | Lair:4   | Killed Snorg
 20620 | Lair:4   | Reached skill level 8 in Armour
 20640 | Lair:4   | Killed a five-headed hydra
 20910 | Lair:4   | Noticed a death yak
 20910 | Lair:4   | Noticed a death yak
 20911 | Lair:4   | Noticed a death yak
 20917 | Lair:4   | Killed a death yak
 21056 | Lair:4   | Noticed a death yak
 21056 | Lair:4   | Noticed a death yak
 21068 | Lair:4   | Killed a death yak
 21068 | Lair:4   | Killed a death yak
 21069 | Lair:4   | Reached skill level 6 in Transmutations
 21075 | Lair:4   | Killed a death yak
 21076 | Lair:4   | Gained mutation: A demonic guardian rushes to your aid.
                  | [demonic ancestry]
 21076 | Lair:4   | Reached XP level 13. HP: 91/91 MP: 0/24
 21568 | Lair:4   | HP: 21/85 [poisoned by a +11 demon whip of Tenacity {chaos,
                  | rElec rN+ Will+}]
 22073 | Lair:5   | You add the spells Tukima's Dance, Passage of Golubria and
                  | Yara's Violent Unravelling to your library.
 22197 | Lair:5   | Reached skill level 6 in Spellcasting
 22205 | Lair:5   | HP: 22/90 [poisoned by a black mamba]
 22535 | Lair:5   | Found a runed translucent door.
 22536 | Lair:5   | Found a shimmering altar of Xom.
 22536 | Lair:5   | Noticed Pinouros's ghost (journeyman DECj)
 23174 | Lair:5   | Reached skill level 9 in Dodging
 23393 | Lair:5   | Identified the +4 whip "Naammurhaet" {protect, Will+ Str+4}
 23772 | Lair:6   | Entered Level 6 of the Lair of Beasts
 23861 | Lair:5   | Reached skill level 16 in Invocations
 24249 | Lair:6   | Reached skill level 9 in Armour
 24300 | Lair:6   | Reached ***** piety under Sif Muna
 24682 | Lair:6   | HP: 10/91 [five-headed hydra (13)]
 24684 | Lair:6   | HP: 4/91 [five-headed hydra (7)]
 25710 | Lair:6   | HP: 20/91 [cane toad (11)]
 25713 | Lair:6   | Reached skill level 7 in Spellcasting
 25715 | Lair:6   | HP: 15/91 [poisoned by a cane toad]
 26157 | Lair:6   | HP: 19/91 [poisoned by a black mamba]
 26447 | Lair:6   | Received a gift from Sif Muna
 26448 | Lair:6   | You add the spells Pain, Sublimation of Blood, Vampiric
                  | Draining, Animate Dead, Iron Shot, Lehudib's Crystal Spear
                  | and Chain Lightning to your library.
 26448 | Lair:6   | Got Foehol's Catalogue of Hurtful Unholy Rituals {god gift}
 26459 | Lair:6   | Learned a level 9 spell: Chain Lightning
 26831 | Lair:6   | Reached skill level 10 in Dodging
 27128 | Lair:6   | Reached skill level 17 in Invocations
 27128 | Lair:6   | Reached XP level 14. HP: 79/98 MP: 6/26
 27355 | Lair:6   | Reached skill level 10 in Armour
 27511 | Lair:6   | Identified the +7 morningstar of the Antique God {freeze,
                  | *Rage rC+ rN+}
 27781 | Lair:6   | Found a staircase to the Slime Pits.
 27781 | Lair:6   | Found a viscous altar of Jiyva.
 27874 | Lair:6   | Learned a level 6 spell: Eringya's Noxious Bog
 27879 | Lair:6   | Learned a level 4 spell: Animate Dead
 28238 | D:10     | Noticed Psyche
 28242 | D:10     | Killed Psyche
 28434 | D:10     | Identified the +10 flail of Recklessness {speed, rF+}
 28531 | D:10     | Found a broken altar of Ashenzari.
 28537 | D:10     | Found a sparkling altar of Nemelex Xobeh.
 29383 | D:11     | You pick up a book of the Senses and begin reading...
 29383 | D:11     | You add the spells Dazzling Flash, Agony and Silence to
                  | your library.
 29423 | D:11     | You pick up a book of Debilitation and begin reading...
 29423 | D:11     | You add the spells Slow and Confusing Touch to your
                  | library.
 29783 | D:11     | Lost mutation: You are somewhat resistant to further
                  | mutation. [potion of mutation]
 29783 | D:11     | Lost mutation: You tend to lose your temper in combat.
                  | [potion of mutation]
 29783 | D:11     | Gained mutation: Your magical capacity is low. (-10% MP)
                  | [potion of mutation]
 29783 | D:11     | Gained mutation: Your mind is acute. (Int +2) [potion of
                  | mutation]
 29785 | D:11     | Lost mutation: Your mind is acute. (Int +2) [potion of
                  | mutation]
 29785 | D:11     | Lost mutation: Your magical capacity is low. (-10% MP)
                  | [potion of mutation]
 29785 | D:11     | Gained mutation: Your body sometimes deteriorates upon
                  | taking damage. [potion of mutation]
 29786 | D:11     | Lost mutation: Your body sometimes deteriorates upon taking
                  | damage. [potion of mutation]
 29786 | D:11     | Gained mutation: Your magical capacity is low. (-10% MP)
                  | [potion of mutation]
 29786 | D:11     | Gained mutation: Your spells are a little easier to cast,
                  | but a little less powerful. [potion of mutation]
 29786 | D:11     | Gained mutation: You are partially covered in large bone
                  | plates. (SH +4) [potion of mutation]
 29787 | D:11     | Lost mutation: You are partially covered in large bone
                  | plates. (SH +4) [potion of mutation]
 29787 | D:11     | Lost mutation: Your magical capacity is low. (-10% MP)
                  | [potion of mutation]
 29787 | D:11     | Lost mutation: Your spells are a little easier to cast, but
                  | a little less powerful. [potion of mutation]
 29787 | D:11     | Gained mutation: You are frail. (-10% HP) [potion of
                  | mutation]
 30016 | D:11     | You pick up a book of Storms and begin reading...
 30016 | D:11     | You add the spells Airstrike and Lightning Bolt to your
                  | library.
 30455 | D:12     | Reached skill level 7 in Necromancy
 30806 | D:12     | Identified the +2 robe of Bitterness {Int+4}
 31029 | D:12     | Found Dyosoow's Antique Weapon Shop.
 31253 | D:12     | Found a staircase to the Orcish Mines.
 32953 | D:13     | Reached skill level 7 in Transmutations
 32959 | D:13     | Reached skill level 8 in Spellcasting
 33033 | D:13     | Found a gate to the Vaults.
 33033 | D:13     | Noticed an ironbound preserver
 33041 | D:13     | Killed an ironbound preserver
 33626 | D:13     | Lost mutation: You are frail. (-10% HP) [potion of
                  | mutation]
 33626 | D:13     | Gained mutation: You sometimes lose the ability to read
                  | scrolls when taking damage. [potion of mutation]
 33626 | D:13     | Gained mutation: Your spells are a little harder to cast,
                  | but a little more powerful. [potion of mutation]
 33626 | D:13     | Gained mutation: Your mind is acute. (Int +2) [potion of
                  | mutation]
 33626 | D:13     | Gained mutation: You passively dampen the noise of your
                  | surroundings. [potion of mutation]
 33919 | D:14     | Found Hyiravuex's Distillery.
 34464 | D:14     | Identified the +9 hand crossbow of Conscience {freeze,
                  | Will+ Int+7}
 34565 | D:14     | Found Tuvogh's Antique Armour Boutique.
 34570 | D:14     | Bought a pair of spiked gloves for 304 gold pieces
 34570 | D:14     | Identified the +0 pair of gloves of Puqoxo {Drain Int+4
                  | Dex+3 Stlth-} (You bought it in a shop on level 14 of the
                  | Dungeon)
 35166 | D:14     | Found Pebiymer's Assorted Antiques.
 35274 | D:15     | Entered Level 15 of the Dungeon
 35413 | D:15     | Reached skill level 8 in Transmutations
 35446 | D:15     | Noticed Jorgrun
 35446 | D:15     | Jorgrun is wielding a staff of earth. The wizard is
                  | wielding the +10 zealot's sword {holy, *Rage rN+ EV+3}.
 35448 | D:15     | You are cast into the Abyss!
 35448 | D:15     | Cast into level 2 of the Abyss (a wizard)
 35486 | Abyss:2  | Found a corrupted altar of Lugonu.
 35486 | Abyss:2  | Noticed an Executioner
 35491 | Abyss:2  | Found a corrupted altar of Lugonu.
 35495 | Abyss:2  | HP: 24/98 [Executioner (18)]
 35496 | Abyss:3  | Found a corrupted altar of Lugonu.
 35933 | Abyss:3  | Noticed a starcursed mass
 36304 | Abyss:3  | Noticed a starcursed mass
 36308 | Abyss:3  | Noticed a tentacled starspawn
 36308 | Abyss:3  | Noticed a lich
 36316 | Abyss:3  | Noticed an Executioner
 36321 | Abyss:3  | Found a corrupted altar of Lugonu.
 36325 | Abyss:3  | HP: 21/98 [Executioner (7)]
 36326 | Abyss:3  | Slain by an Executioner

Vanquished Creatures
  An ironbound preserver (D:13)
  Snorg (Lair:4)
  4 hydras
  4 two-headed ogres
  A catoblepas (D:14)
  6 boulder beetles
  A death knight (D:14)
  A centaur warrior (D:14)
  5 death yaks (Lair:4)
  3 tengu warriors
  A deep elf knight (D:13)
  The ghost of LobsterGuardian the Frost Mage, a novice DsIE of Hepliaklqana (D:8)
  A deep elf zephyrmancer (D:13)
  2 deep elf pyromancers (D:13)
  4 ugly things
  2 cyclopes
  A manticore (D:13)
  8 elephants
  9 cane toads
  A torpor snail (Lair:2)
  7 black mambas
  A gargoyle (D:13)
  A kobold demonologist (D:11)
  Psyche (D:10)
  3 rime drakes (Lair:6)
  10 komodo dragons
  A tengu conjurer (D:15)
  6 trolls
  An efreet (D:14)
  6 hornets
  4 polar bears
  A harpy skeleton (Abyss:3)
  4 slime creatures
  14 blink frogs
  9 dream sheep (Lair:6)
  A shadow (D:11)
  2 vampires
  12 spriggans (Lair:6)
  A large abomination (Abyss:3)
  66 yaks
  A wraith (D:11)
  4 wyverns
  12 basilisks
  4 steam dragons
  7 vampire mosquitoes
  26 water moccasins
  A sky beast (D:5)
  An ice beast (D:7)
  5 orc warriors
  7 black bears
  4 boggarts (Lair:6)
  8 centaurs
  2 ogres (D:5)
  20 wolves (Lair:6)
  A phantom (D:4)
  A kobold brigand (D:6)
  5 bullfrogs
  2 necrophages
  A gnoll sergeant (D:13)
  A small abomination (Abyss:3)
  7 wights (D:6)
  12 killer bees
  3 electric eels
  4 howler monkeys
  5 orc priests
  A jelly (D:7)
  A gnoll shaman (D:6)
  Ijyb (D:5)
  An iguana (D:7)
  12 orc wizards
  12 hell rats
  8 gnolls
  8 adders
  6 river rats (Lair:1)
  5 ufetubi
  A worm (D:2)
  4 dart slugs
  43 orcs
  9 ball pythons
  3 endoplasms
  5 giant cockroaches
  9 goblins
  5 hobgoblins
  11 jackals
  5 quokkas
  A bat (D:2)
  2 frilled lizards (D:1)
  16 kobolds
  9 rats
  A butterfly (Lair:4)
531 creatures vanquished.

Vanquished Creatures (collateral kills)
  2 hydras
  A hell knight (D:15)
  A deep elf zephyrmancer (D:13)
  An ugly thing (D:13)
  2 black mambas (Lair:2)
  2 acid dragons
  3 water moccasins
  A wight (D:6)
  2 gnolls
  A white imp (D:4)
  An orc (D:4)
17 creatures vanquished.

Vanquished Creatures (others)
  37 fungi
  33 plants
  2 starspawn tentacles (Abyss:3)
72 creatures vanquished.

Grand Total: 620 creatures vanquished

Table legend:
 A = Non-vault XP
 B = Vault XP
 C = Vault XP percentage of total XP
 D = Non-vault monster count
 E = Vault monster count
 F = Vault count percentage of total count
                 A         B        C        D         E       F
            +---------+---------+-------+---------+---------+-------
      Total |   74412 |   26719 |  26.4 |     430 |     117 |  21.4
            +---------+---------+-------+---------+---------+-------
        D:1 |      33 |       2 |   5.7 |      20 |       2 |   9.1
        D:2 |      46 |       0 |   0.0 |      18 |       0 |   0.0
        D:3 |     138 |       0 |   0.0 |      19 |       0 |   0.0
        D:4 |     230 |       0 |   0.0 |      26 |       0 |   0.0
        D:5 |     913 |      36 |   3.8 |      19 |       1 |   5.0
        D:6 |    1095 |       0 |   0.0 |      27 |       0 |   0.0
        D:7 |    1203 |       8 |   0.7 |      20 |       4 |  16.7
        D:8 |    1919 |    2811 |  59.4 |      25 |       5 |  16.7
        D:9 |    4058 |    1035 |  20.3 |      28 |       4 |  12.5
       D:10 |    2499 |     358 |  12.5 |      16 |       1 |   5.9
       D:11 |    3937 |       0 |   0.0 |      18 |       0 |   0.0
       D:12 |    6677 |       0 |   0.0 |      27 |       0 |   0.0
       D:13 |    6237 |    4058 |  39.4 |      17 |       9 |  34.6
       D:14 |    5556 |       0 |   0.0 |       8 |       0 |   0.0
       D:15 |       0 |    2732 | 100.0 |       0 |       4 | 100.0
     Lair:1 |    1500 |     403 |  21.2 |       9 |      16 |  64.0
     Lair:2 |    6111 |    2096 |  25.5 |      26 |       8 |  23.5
     Lair:3 |    2280 |    1296 |  36.2 |      10 |       4 |  28.6
     Lair:4 |   11437 |     953 |   7.7 |      27 |       1 |   3.6
     Lair:5 |    6678 |    1106 |  14.2 |      24 |       4 |  14.3
     Lair:6 |   11865 |    9825 |  45.3 |      42 |      54 |  56.2
    Abyss:3 |       0 |       0 |   N/A |       4 |       0 |   0.0
            +---------+---------+-------+---------+---------+-------

Illustrated notes

Table legend:
 A = Kills in this place as a percentage of kills in entire the game.
 B = Kills by you in this place as a percentage of kills by you in the entire game.
 C = Kills by friends in this place as a percentage of kills by friends in the entire game.
 D = Other kills in this place as a percentage of other kills in the entire game.
 E = Experience gained in this place as a percentage of experience gained in the entire game.
 F = Experience gained in this place divided by the number of levels of this place that you have seen.
                   A       B       C       D       E      F
               +-------+-------+-------+-------+-------+----------------------
         Total | 100.0 | 100.0 | 100.0 |   N/A | 100.0 | 4213.8
       Dungeon |  58.1 |  58.1 |  58.8 |   N/A |  45.1 | 3038.7
          Lair |  41.1 |  41.1 |  41.2 |   N/A |  54.9 | 9258.3
         Abyss |   0.7 |   0.8 |   0.0 |   N/A |   0.0 |   0.0
               +-------+-------+-------+-------+-------+----------------------

Table legend: (Time is in decaauts)
 A = Elapsed time spent in this place.
 B = Non-inter-level travel time spent in this place.
 C = Inter-level travel time spent in this place.
 D = Time resting spent in this place.
 E = Time spent auto-exploring this place.
 F = Levels seen in this place.
 G = Mean time per level.
                   A        B        C        D        E       F      G
               +--------+--------+--------+--------+--------+-----+--------+
         Total |  36430 |  35004 |   1426 |   8578 |  22360 |  24 | 1517.9 |
       Dungeon |  22172 |  21160 |   1012 |   5456 |  13245 |  15 | 1478.1 |
        Temple |    141 |    102 |     39 |      0 |     86 |   1 |  141.0 |
          Lair |  13243 |  12868 |    375 |   2844 |   8601 |   6 | 2207.2 |
         Abyss |    873 |    873 |      0 |    278 |    428 |   2 |  436.5 |
               +--------+--------+--------+--------+--------+-----+--------+

Top non-repeatable levels by time:
  Lair:6: 3167 daAuts
  Lair:5: 3123 daAuts
  Lair:4: 2148 daAuts
     D:4: 2126 daAuts
     D:6: 1978 daAuts
     D:3: 1913 daAuts
     D:8: 1892 daAuts
    D:13: 1834 daAuts
    D:12: 1815 daAuts
  Lair:2: 1785 daAuts
     D:7: 1680 daAuts
     D:9: 1549 daAuts
  Lair:1: 1537 daAuts
  Lair:3: 1480 daAuts
    D:14: 1354 daAuts
